 Dungeon Crawl Stone Soup version 0.26.1-11-gd32895ea62 (webtiles) character file.

Game seed: 6122995136679183246

1577 raph the Cudgeller (level 8, -2/62 HPs)
             Began as a Grey Draconian Hedge Wizard on Apr 20, 2021.
             Was a Believer of Nemelex Xobeh.
             Slain by a shadow (30 damage)
             ... on level 6 of the Dungeon.
             The game lasted 00:15:06 (8784 turns).

raph the Cudgeller (Grey Draconian Hedge Wizard)    Turns: 8784, Time: 00:15:06

Health: -2/62      AC: 13    Str: 13    XL:     8   Next: 60%
Magic:  13/13      EV: 12    Int: 21    God:    Nemelex Xobeh [**....]
Gold:   419        SH:  6    Dex: 12    Spells: 2/14 levels left

rFire    . . .     SeeInvis .   a - +1 morningstar
rCold    . . .     Faith    .   o - +2 buckler
rNeg     . . .     Spirit   .   (armour unavailable)
rPois    .         Reflect  .   b - +2 hat
rElec    .         Harm     .   (no cloak)
rCorr    .         Rampage  .   (no gloves)
Will     .....                  (no boots)
Stlth    +++.......             (no amulet)
HPRegen  0.20/turn              g - +6 ring of intelligence
MPRegen  0.13/turn              f - ring of stealth

@: no status effects
A: walk through water, unfitting armour, unbreathing, cold-blooded, AC +11
a: Renounce Religion, Draw Escape, Draw Destruction, Draw Summoning


You were on level 6 of the Dungeon.
You worshipped Nemelex Xobeh.
Nemelex Xobeh was pleased with you.
You visited 1 branch of the dungeon, and saw 9 of its levels.

You collected 419 gold pieces.

Inventory:

Hand Weapons
 a - a +1 morningstar (weapon)
Armour
 b - a +2 hat (worn)
 d - a +2 hat
 o - a +2 buckler (worn)
Jewellery
 f - a ring of stealth (right hand)
 g - a +6 ring of intelligence (left hand)
 i - an uncursed ring of teleportation
 l - an uncursed ring of wizardry
 t - an uncursed ring of resist corrosion
 u - an uncursed ring of magical power {unknown}
Wands
 r - a wand of iceblast (5)
Scrolls
 e - 2 scrolls of remove curse
 j - a scroll of teleportation
Potions
 c - 4 potions of lignification
 h - 2 potions of mutation
 k - 4 potions of might
 m - 3 potions of curing
 n - a potion of flight
 q - a potion of haste {unknown}


   Skills:
 + Level 2.5 Fighting
 * Level 5.0 Maces & Flails
 - Level 2.4 Dodging
 - Level 3.6 Stealth
 + Level 3.4 Shields
 - Level 3.6 Spellcasting
 + Level 2.8 Conjurations
 - Level 3.2 Hexes
 + Level 4.8 Summonings
 - Level 1.8 Translocations


You had 2 spell levels left.
You knew the following spells:

 Your Spells              Type           Power        Failure   Level
a - Magic Dart            Conj           60%          4%          1
b - Blink                 Tloc           N/A          10%         2
c - Call Imp              Summ           24%          2%          2
d - Corona                Hex            18%          3%          1
e - Conjure Flame         Conj/Fire      9%           22%         3
f - Mephitic Cloud        Conj/Pois/Air  7%           26%         3

Your spell library contained the following spells:

 Spells                   Type           Power        Failure   Level
 Summon Small Mammal      Summ           96%          1%          1
 Slow                     Hex            17%          5%          2
 Apportation              Tloc           22%          6%          1
 Animate Skeleton         Necr           6%           14%         1


Dungeon Overview and Level Annotations

Branches:
Dungeon (9/15)
 Temple: D:4-7         Lair: D:8-11         Orc: D:9-12

Altars:
Ashenzari
Dithmenos
Elyvilon
Nemelex Xobeh
Yredelemnul

Annotations:
D:4 2 transporters, superiop's ghost, novice TrBe


Innate Abilities, Weirdness & Mutations

You can walk through water.
Your dull iron-grey scales are very hard. (AC +11)
You cannot fit into any form of body armour.
You can survive without breathing.
You are cold-blooded and may be slowed by cold attacks.


Message History

The shadow is moderately damaged.
The shadow slips into darkness.
The shadow flickers and vanishes!
Deactivating autopickup; reactivate with Ctrl-A.
You miss something.
The shadow strikes at you from the darkness!
* * * LOW HITPOINT WARNING * * *
Reactivating autopickup.
You closely miss the shadow.
The shadow is moderately damaged.
You block the shadow's attack. The shadow closely misses you.
Okay, then.
You feel much better.
The shadow slips into darkness.
The shadow flickers and vanishes!
Deactivating autopickup; reactivate with Ctrl-A.
You draw a card...
You have drawn Foxfire.
The shadow strikes at you from the darkness!
You die...
Your body glows slightly and disappears.

.... #####....
##......## ##........##
#..........###
#.............
##..l.......# #########
#..........#
........###..†..@{l.##
#######.......l........#
#....#<....l.....# ##
#................# .##
###..............#..$
..###...(............#
##
........>...#........#
#..................#..
.....#......#####


You could see a wyvern (summoned) and 3 friendly wyverns.

Vanquished Creatures
  An ice beast (D:4)
  A phantom (D:5)
  3 centaurs
  3 scorpions
  A howler monkey (D:6)
  A centaur skeleton (D:5)
  3 hounds
  6 orc priests
  5 orc wizards
  A bullfrog skeleton (D:4)
  2 iguanas
  Ijyb (D:3)
  3 worker ants
  A hound zombie (D:6)
  2 worker ant zombies (D:5)
  2 gnolls (D:8)
  2 adders (D:3)
  3 white imps (D:5)
  2 ufetubi
  An ooze (D:2)
  An adder zombie (D:5)
  An adder skeleton (D:4)
  3 worms
  A dart slug (D:2)
  10 leopard geckos
  20 orcs
  8 giant cockroaches
  5 goblins
  5 hobgoblins
  9 kobolds
  4 quokkas
  A ball python (D:4)
  A ball python zombie (D:5)
  2 bats
  4 frilled lizards
  5 rats (D:1)
124 creatures vanquished.

Vanquished Creatures (collateral kills)
  An ogre (D:5)
  Terence (D:3)
  2 worker ants
  A howler monkey zombie (D:5)
  2 adders
  A worm (D:2)
  3 orcs
  A giant cockroach (D:3)
12 creatures vanquished.

Grand Total: 136 creatures vanquished

Notes
Turn   | Place    | Note
-------+----------+-------------------------------------------
     0 | D:1      | raph the Draconian Hedge Wizard began the quest for the
                  | Orb.
     0 | D:1      | Reached XP level 1. HP: 14/14 MP: 4/4
   187 | D:1      | Reached XP level 2. HP: 10/20 MP: 6/6
   615 | D:1      | Learned a level 2 spell: Blink
   618 | D:1      | Learned a level 2 spell: Call Imp
   982 | D:1      | Reached XP level 3. HP: 25/27 MP: 5/7
  1981 | D:2      | Found a sparkling altar of Nemelex Xobeh.
  1989 | D:2      | Became a worshipper of Nemelex Xobeh the Trickster
  2631 | D:3      | Noticed Terence
  2643 | D:3      | Killed Terence
  2644 | D:3      | Reached XP level 4. HP: 34/34 MP: 1/9
  2719 | D:3      | Noticed Ijyb
  2733 | D:3      | Killed Ijyb
  2734 | D:3      | Reached skill level 1 in Fighting
  2896 | D:3      | Found a shadowy altar of Dithmenos.
  2952 | D:3      | Reached * piety under Nemelex Xobeh
  3067 | D:3      | Learned a level 1 spell: Corona
  3152 | D:3      | Received a gift from Nemelex Xobeh
  3235 | D:3      | Found a glowing drain.
  3338 | D:3      | Reached XP level 5. HP: 37/40 MP: 5/10
  3374 | D:3      | Reached skill level 1 in Maces & Flails
  3750 | D:4      | Found a shadowy altar of Dithmenos.
  3769 | D:4      | Found a broken altar of Ashenzari.
  3810 | D:4      | Reached skill level 1 in Shields
  3860 | D:4      | Reached skill level 1 in Hexes
  3923 | D:4      | Found a transporter.
  3932 | D:4      | Reached XP level 6. HP: 47/47 MP: 11/11
  4342 | D:4      | Found a basalt altar of Yredelemnul.
  4342 | D:4      | Reached ** piety under Nemelex Xobeh
  4634 | D:4      | Reached skill level 2 in Maces & Flails
  4897 | D:4      | Received a gift from Nemelex Xobeh
  4944 | D:4      | Found a transporter.
  4948 | D:4      | Noticed superiop's ghost (novice TrBe)
  4948 | D:4      | Identified the +6 great mace of the Evil Eye {vorpal, rElec
                  | Int+3}
  5043 | D:5      | Entered Level 5 of the Dungeon
  5059 | D:5      | Found a basalt altar of Yredelemnul.
  5962 | D:5      | Your scales start taking on a dull iron-grey colour.
  5962 | D:5      | Reached XP level 7. HP: 26/52 MP: 12/12
  5962 | D:5      | Gained mutation: You can survive without breathing. [Grey
                  | Draconian growth]
  6447 | D:5      | Reached skill level 3 in Maces & Flails
  7327 | D:4      | Reached XP level 8. HP: 50/59 MP: 13/13
  7419 | D:5      | Learned a level 3 spell: Conjure Flame
  7423 | D:5      | Learned a level 3 spell: Mephitic Cloud
  7502 | D:6      | Received a gift from Nemelex Xobeh
  7513 | D:6      | Found a white marble altar of Elyvilon.
  7523 | D:6      | Reached skill level 4 in Maces & Flails
  7535 | D:6      | You fall into a shaft and drop 3 floors!
  7535 | D:9      | Noticed a two-headed ogre
  8765 | D:6      | Reached skill level 5 in Maces & Flails
  8784 | D:6      | Slain by a shadow

Illustrated notes

Levels and vault maps discovered:
D:1:      elethiomel_arrival_maze, layout_basic, serial_glass, glass_columns_b,
          glass_columns_a
D:2:      layout_basic, lemuel_crystal_altar
D:3:      layout_basic, nicolae_overflow_crystal_walls, gup_sewer_entry_pipe,
          uniq_ijyb, uniq_terence
D:4:      layout_cave_pools, ashenzari_conservatory_becter,
          overflow_temple_1_default, gammafunk_ghost_smash, grunt_ministairs_2,
          nicolae_dithmenos_shadow_blocks
D:5:      layout_loops_cross, basic_altar, kennysheep_generic_room_5
D:6:      layout_rooms, elyvilon_altar_1, serial_glass, glass_columns_a,
          glass_columns_b, kb_rosetta
D:7:      layout_basic, lemuel_coloured_pillars_altar,
          minmay_temple_entry_antechambers
D:8:      layout_basic, enter_bailey_3, uniq_joseph
D:9:      layout_cave_pools, lemuel_round_altar, kennysheep_cluttered_room

Skill      XL: |  1  2  3  4  5  6  7  8 |
---------------+-------------------------+-----
Dodging        | 2 |  2.4
Stealth        | 2 3 |  3.6
Fighting       | 1 2 |  2.5
Summonings     | 2 3 4 |  4.8
Maces & Flails | 1 2 3 5 |  5.0
Shields        | 1 2 3 |  3.4
Hexes          | 1 2 3 |  3.2
Conjurations   | 2 |  2.8
Spellcasting   | |  3.6
Translocations | |  1.8

Action                   |  1- 3 |  4- 6 |  7- 9 || total
-------------------------+-------+-------+-------++-------
Melee: Dagger            |    96 |       |       ||    96
       Tailslap          |     9 |    12 |    25 ||    46
       Morningstar       |       |   201 |   215 ||   416
 Cast: Magic Dart        |    75 |    14 |    11 ||   100
       Call Imp          |     6 |    21 |     6 ||    33
       Corona            |       |       |     2 ||     2
       Blink             |       |       |     1 ||     1
Invok: Draw Destruction  |       |       |     2 ||     2
       Draw Summoning    |       |       |     1 ||     1
  Use: Scroll            |       |    16 |     3 ||    19
       Potion            |       |     1 |     1 ||     2
 Stab: Sleeping          |     1 |     8 |     5 ||    14
       Distracted        |       |     2 |     2 ||     4
Armor: Skin              |    20 |    93 |    76 ||   189
Dodge: Dodged            |    70 |   128 |   129 ||   327
Block: Buckler           |     1 |    37 |    66 ||   104
